 Dungeon Crawl Stone Soup version 0.30-a0-919-g9323dee000 (webtiles) character file.

Game seed: 10278784128565694743

1930 Aequonox the Conjurer (level 9, -1/57 HPs)
             Began as a Human Conjurer on Mar 21, 2023.
             Was an Initiate of Hepliaklqana.
             Slain by Duvessa
             ... wielding a +0 short sword
              (12 damage)
             ... on level 6 of the Dungeon.
             The game lasted 00:14:24 (6284 turns).

Aequonox the Conjurer (Human Conjurer)              Turns: 6284, Time: 00:14:25

Health: -1/57      AC:  3    Str:  7    XL:     9   Next: 40%
Magic:  22/25      EV: 13    Int: 24    God:    Hepliaklqana [......]
Gold:   290        SH:  0    Dex: 11    Spells: 15/18 levels left

rFire   . . .      SeeInvis .    w - +4 flail
rCold   . . .      Faith    .    (no shield)
rNeg    . . .      Spirit   .    t - +0 robe {Will+}
rPois   .          Reflect  .    p - +0 helmet
rElec   .          Rampage  .    (no cloak)
rCorr   .                        (no gloves)
Will    +....                    (no boots)
Stlth   +++                      k - amulet of regeneration
HPRegen 1.09/turn                g - ring of magical power
MPRegen 0.19/turn                (no ring)

@: lethally poisoned (-1 -> -2), marked
A: no striking features
a: Renounce Religion


You were on level 6 of the Dungeon.
You worshipped Hepliaklqana.
Hepliaklqana was noncommittal.
You visited 1 branch of the dungeon, and saw 6 of its levels.

You collected 290 gold pieces.

Inventory:

Hand Weapons
 w - a +4 flail (weapon)
Missiles
 j - a throwing net (quivered)
 r - 7 curare-tipped darts
Armour
 p - a +0 helmet (worn)
 t - a +0 robe of willpower (worn)
Jewellery
 g - a ring of magical power (left hand)
 k - an amulet of regeneration (around neck)
Wands
 n - a wand of paralysis (11)
Scrolls
 c - 7 scrolls of identify {unknown}
 h - a scroll of fear {unknown}
 i - a scroll of summoning {unknown}
 m - 3 scrolls of noise {unknown}
 o - 2 scrolls of teleportation {unknown}
 q - a scroll of poison {unknown}
 u - a scroll of amnesia {unknown}
 x - a scroll of enchant weapon {unknown}
 y - 2 scrolls of magic mapping {unknown}
Potions
 a - 2 potions of resistance {unknown}
 b - a potion of magic
 d - 3 potions of curing {unknown}
 e - 2 potions of heal wounds {unknown}
 f - a potion of flight {unknown}
 l - a potion of brilliance {unknown}
 s - 2 potions of attraction {unknown}
 v - 2 potions of haste {unknown}
 z - a potion of degeneration {unknown}


   Skills:
 - Level 3.0 Throwing
 + Level 5.4 Dodging
 + Level 6.0 Stealth
 + Level 5.0 Spellcasting
 + Level 6.6 Conjurations
 + Level 2.5 Hexes
 + Level 2.5 Translocations


You had 15 spell levels left.
You knew the following spells:

 Your Spells              Type           Power      Damage    Failure   Level
a - Magic Dart            Conj           100%       1d8       1%          1
b - Searing Ray           Conj           76%        2d7       1%          2

Your spell library contained the following spells:

 Spells                   Type           Power      Damage    Failure   Level
 Dazzling Flash           Conj/Hex       56%        N/A       4%          3
 Fulminant Prism          Conj/Hex       14%        3d8       13%         4
 Iskenderun's Mystic Bla  Conj/Tloc      28%        2d7       13%         4


Dungeon Overview and Level Annotations

Branches:
Dungeon (6/15)
 Temple: D:4-7

Altars:
Hepliaklqana
Okawaru
Xom

Annotations:
D:6 Duvessa


Message History

* * * LOW HITPOINT WARNING * * *
Really walk onto that alarm trap?
You set off the alarm!
The alarm trap emits a blaring wail!
A sentinel's mark forms upon you.
You hear a shout!
You hear an angry hiss.
You hear a shout! x4
You hear an angry hiss.
You hear a shout!
Throw: 4 throwing nets
Press: ? - help, Q - select action, (/) - cycle Shift-Dir - straight line, f/p - Duvessa
Aim: Duvessa, wielding a +0 short sword and wearing a +0 leather armour (berserk, 60% to hit)
You throw a throwing net. The throwing net hits Duvessa.
Duvessa is caught in the net!
Duvessa struggles against the net.
Duvessa struggles against the net. x2
Duvessa struggles against the net.
The net rips apart, and Duvessa comes free!
Throw: 3 throwing nets
Press: ? - help, Q - select action, (/) - cycle Shift-Dir - straight line, f/p - Duvessa
Aim: Duvessa, wielding a +0 short sword and wearing a +0 leather armour (berserk, 60% to hit)
You throw a throwing net. The throwing net barely misses Duvessa.
Duvessa hits you with a +0 short sword.
* * * LOW HITPOINT WARNING * * *
Throw: 2 throwing nets
Press: ? - help, Q - select action, (/) - cycle Shift-Dir - straight line, f/p - Duvessa
Aim: Duvessa, wielding a +0 short sword and wearing a +0 leather armour (berserk, 60% to hit)
You throw a throwing net.
The throwing net closely misses Duvessa.
Duvessa closely misses you. x2
Throw: throwing net
Press: ? - help, Q - select action, (/) - cycle Shift-Dir - straight line, f - you, p - Duvessa
Okay, then.
Unknown command.
The adder bites you.
* * * LOW HITPOINT WARNING * * *
You are poisoned.
The adder poisons you!
You feel sick.
Duvessa rages.
Duvessa hits you with a +0 short sword!
You die...

########### #..#..#...#
#.........# #........#
##..##.)<.# .........##
........## .......)##
........@#####
.......Se.##.##
..#...#.......# #####
..#...#...s...#####...##
##...(.....###.......#
..............#....(..##
.............#.........#
.......................#
.....#.....#.#.....##.##


You could see Duvessa (berserk), a scorpion and an adder.

Vanquished Creatures
  Grinder (D:5)
  Sigmund (D:3)
  A black bear (D:4)
  2 ogres (D:5)
  A phantom (D:5)
  A centaur (D:5)
  A kobold brigand (D:6)
  A scorpion (D:2)
  4 wights (D:5)
  Dowan (D:6)
  A howler monkey (D:5)
  4 jellies
  A gnoll bouda (D:4)
  2 orc priests (D:4)
  4 hounds
  2 sleepcaps
  3 orc wizards
  Robin (D:3)
  8 gnolls (D:4)
  5 adders
  2 white imps
  3 worms
  2 dart slugs
  6 orcs
  8 ball pythons
  5 bats
  7 endoplasms
  8 giant cockroaches
  16 goblins
  9 hobgoblins
  10 jackals (D:1)
  2 quokkas
  14 frilled lizards
  15 kobolds
  5 rats
157 creatures vanquished.

Vanquished Creatures (others)
  An orc wizard (D:4)
  6 plants (D:2)
7 creatures vanquished.

Grand Total: 164 creatures vanquished

Notes
Turn   | Place    | Note
-------+----------+-------------------------------------------
     0 | D:1      | Aequonox the Human Conjurer began the quest for the Orb.
     0 | D:1      | Reached XP level 1. HP: 13/13 MP: 3/3
   148 | D:1      | Reached XP level 2. HP: 19/19 MP: 1/5
   546 | D:1      | Reached XP level 3. HP: 15/24 MP: 0/6
  1667 | D:2      | Reached XP level 4. HP: 30/30 MP: 2/7
  2542 | D:3      | Noticed a scorpion
  2563 | D:3      | Learned a level 2 spell: Searing Ray
  2582 | D:3      | Noticed Robin
  2604 | D:2      | Killed a scorpion
  2605 | D:2      | Reached XP level 5. HP: 10/35 MP: 7/9
  3066 | D:3      | Noticed Sigmund
  3080 | D:3      | Killed Sigmund
  3081 | D:3      | Reached skill level 5 in Conjurations
  3081 | D:3      | Reached XP level 6. HP: 37/41 MP: 10/11
  3125 | D:3      | Killed Robin
  3630 | D:4      | Reached XP level 7. HP: 46/46 MP: 3/12
  4115 | D:4      | Reached skill level 1 in Throwing
  4330 | D:4      | Reached XP level 8. HP: 33/52 MP: 1/14
  4624 | D:4      | Reached skill level 5 in Stealth
  5077 | D:5      | Entered Level 5 of the Dungeon
  5215 | D:5      | Found a hazy altar of Hepliaklqana.
  5216 | D:5      | Found a shimmering altar of Xom.
  5217 | D:5      | Noticed a spectral ugly thing
  5230 | D:5      | Became a worshipper of Hepliaklqana the Forgotten
  5489 | D:5      | Reached skill level 1 in Translocations
  5491 | D:5      | Noticed Grinder
  5503 | D:5      | Killed Grinder
  5504 | D:5      | Reached skill level 1 in Hexes
  5552 | D:5      | Reached skill level 5 in Dodging
  5606 | D:5      | Reached XP level 9. HP: 57/57 MP: 16/16
  5874 | D:5      | Found an iron altar of Okawaru.
  6093 | D:5      | Reached skill level 5 in Spellcasting
  6257 | D:6      | Noticed Dowan
  6259 | D:6      | Noticed Duvessa
  6265 | D:6      | Killed Dowan
  6284 | D:6      | Slain by Duvessa

Illustrated notes

Levels and vault maps discovered:
D:1:      dpeg_arrival_rooms_with_view, layout_basic
D:2:      wander_river, layout_basic, minmay_misc_feat_enclosed,
          minmay_lizard_king
D:3:      layout_basic, grunt_decor_mini_mirrors, uniq_robin, uniq_sigmund
D:4:      layout_loops_ring, minmay_surrounded
D:5:      minmay_spotlight, layout_rooms, regret_index_temple_of_mockery,
          kennysheep_mini, uniq_grinder
D:6:      layout_cave_pools, minmay_temple_entry_proselytizer, uniq_duvessa

Skill      XL: |  1  2  3  4  5  6  7  8  9 |
---------------+----------------------------+-----
Dodging        | 3 4 5 |  5.4
Stealth        | 3 4 5 6 |  6.0
Spellcasting   | 3 4 5 |  5.0
Conjurations   | 5 6 |  6.6
Throwing       | 1 2 3 |  3.0
Translocations | 1 2 |  2.5
Hexes          | 1 2 |  2.5

Action                     |  1- 3 |  4- 6 |  7- 9 || total
---------------------------+-------+-------+-------++-------
  Melee: Unarmed           |    42 |       |     4 ||    46
         Punch             |     1 |       |       ||     1
  Throw: Throwing net      |       |       |     3 ||     3
   Cast: Magic Dart        |    83 |    94 |   161 ||   338
         Searing Ray       |       |     6 |    24 ||    30
  Evoke: Wand              |       |       |     1 ||     1
    Use: Potion            |       |       |     1 ||     1
 Armour: Robe              |    16 |     1 |    11 ||    28
  Dodge: Dodged            |    72 |    20 |    62 ||   154

Table legend: (Time is in decaauts)
 A = Elapsed time spent in this place.
 B = Non-inter-level travel time spent in this place.
 C = Inter-level travel time spent in this place.
 D = Time resting spent in this place.
 E = Time spent auto-exploring this place.
 F = Levels seen in this place.
 G = Mean time per level.
                   A        B        C        D        E       F      G
               +--------+--------+--------+--------+--------+-----+--------+
         Total |   6300 |   6147 |    153 |    189 |   5012 |   6 | 1050.0 |
       Dungeon |   6300 |   6147 |    153 |    189 |   5012 |   6 | 1050.0 |
               +--------+--------+--------+--------+--------+-----+--------+

Top non-repeatable levels by time:
     D:2: 1494 daAuts
     D:4: 1294 daAuts
     D:1: 1154 daAuts
     D:3: 1151 daAuts
     D:5: 1002 daAuts
     D:6: 203 daAuts
